 Dungeon Crawl Stone Soup version 0.31-a0-344-gd109795599 (webtiles) character file.

Game seed: 7162261069095993744

275 ryw the Ruffian (level 5, -5/41 HPs)
             Began as a Demigod Shapeshifter on July 21, 2023.
             Killed from afar by an orc wizard (7 damage)
             ... with a magic dart
             ... on level 4 of the Dungeon.
             The game lasted 00:05:08 (3029 turns).

ryw the Ruffian (Demigod Shapeshifter)              Turns: 3029, Time: 00:05:09

Health: -5/41      AC:  3    Str: 20    XL:     5   Next: 73%
Magic:  7/7        EV: 12    Int: 10    God:
Gold:   184        SH:  0    Dex: 14    Spells: 4/4 levels left

rFire   . . .        o - +1 demon blade (drain)
rCold   . . .        (no shield)
rNeg    . . .        a - +1 animal skin
rPois   .            (helmet currently unavailable)
rElec   .            (cloak currently unavailable)
rCorr   .            (gloves currently unavailable)
SInv    .            (boots currently unavailable)
Will    .....        (no amulet)
Stlth   +            (no ring)
HPRegen 0.26/turn    (no ring)
MPRegen 0.10/turn

%: no passive effects
@: beast-form, on berserk cooldown, slowed, very slow
A: beast (slay +2), high MP 1, forlorn, divine attributes
a: Begin Untransformation


You were on level 4 of the Dungeon.
You were a hulking beast.
You visited 1 branch of the dungeon, and saw 4 of its levels.

You collected 184 gold pieces.

Inventory:

Hand Weapons
 o - a +1 demon blade of draining (weapon)
Missiles
 g - 3 boomerangs (quivered)
 q - 15 poisoned darts
Armour
 a - a +1 animal skin (worn)
Jewellery
 p - a ring of see invisible
 s - a ring of wizardry
 t - a ring of poison resistance
Talismans
 c - a beast talisman
Wands
 v - a wand of acid (12)
Scrolls
 n - 2 scrolls of summoning
Potions
 b - 2 potions of lignification
 d - a potion of berserk rage
 e - 2 potions of heal wounds {unknown}
 i - 2 potions of curing {unknown}
 j - 2 potions of enlightenment {unknown}
 k - a potion of degeneration {unknown}
 m - 3 potions of mutation {unknown}


   Skills:
 - Level 2.0 Fighting
 + Level 1.6 Long Blades
 + Level 1.7 Throwing
 + Level 2.1 Armour
 - Level 2.0 Dodging
 - Level 3.6 Unarmed Combat
 + Level 3.4 Shapeshifting


You had 4 spell levels left.
You didn't know any spells.
Your spell library contained the following spells:

 Spells                   Type           Power      Damage    Failure   Level
 Kiss of Death            Conj/Necr      0%         2d5       36%         1
 Magic Dart               Conj           0%         1d3       36%         1
 Blink                    Tloc           0%         N/A       50%         2
 Call Imp                 Summ           0%         N/A       50%         2
 Lesser Beckoning         Tloc           0%         N/A       50%         2
 Momentum Strike          Conj/Tloc      0%         3d8       50%         2
 Confusing Touch          Hex            0%         N/A       75%         3
 Mephitic Cloud           Conj/Pois/Air  0%         N/A       75%         3
 Dispel Undead            Necr           0%         3d6       98%         4
 Alistair's Intoxication  Tmut/Pois      0%         N/A       100%        5
 Borgnjor's Vile Clutch   Necr/Erth      0%         N/A       100%        5
 Eringya's Noxious Bog    Tmut/Pois      0%         4d6       100%        6


Dungeon Overview and Level Annotations

Branches:
Dungeon (4/15)
 Temple: D:4-7


Innate Abilities, Weirdness & Mutations

You are a hulking beast.
Your limbs bulge with bestial killing power. (Slay +2)
You have an increased reservoir of magic. (+10% MP)
You shall have no god before yourself.
Your divine heritage dramatically boosts your attributes as you level up.


Message History

You are too injured to fight recklessly!
You hit something but do no damage. Something hits you.
A red film seems to cover your vision as you go berserk!
You feel yourself moving faster!
You feel mighty!
You hear some strange, mumbled words.
You are confused.
You barely miss something. Something hits you.
You miss something. Something hits you but does no damage.
An iguana comes into view.
You bump into the rock wall.
The iguana hisses angrily.
Something hits you.
Unknown command.
You barely miss something.
Unknown command.
You bump into the rock wall.
Something hits you.
Unknown command.
You miss something. Something hits you but does no damage.
Unknown command.
You bump into the rock wall.
You hear some strange, mumbled words.
A puff of flame appears from out of thin air!
The puff of flame hits you!
* * * LOW HITPOINT WARNING * * *
Unknown command.
You bump into the rock wall.
You feel a strong urge to attack something.
You feel less confused.
You are no longer berserk.
You are exhausted.
You feel yourself slow down.
Unknown command.
You barely miss something.
You hear some strange, mumbled words.
A puff of flame appears from out of thin air!
The puff of flame hits you!
* * * LOW HITPOINT WARNING * * *
You hear some strange, mumbled words.
A magic dart appears from out of thin air!
The magic dart hits you!
You die...

#############.#.........#
#)#.###.###.... #)#.# #.#
##. #.#.# #.# #.#.# #.#
#.#.# #.# #.#.# #.# #.#.#
#.# #h#.# #{#.# #O#<#
#5### #.....ol.....#
.............##
.o...........#
.O....$......#
..S..........#


You could see an ogre, an iguana, an orc and an ufetubus.

Vanquished Creatures
  A phantom (D:4)
  An orc priest (D:4)
  A sleepcap (D:4)
  An orc wizard (D:4)
  3 adders (D:2)
  3 dart slugs
  5 orcs
  15 ball pythons
  7 endoplasms
  2 giant cockroaches
  8 goblins
  8 hobgoblins
  10 kobolds
  5 quokkas
  6 bats
  5 frilled lizards
  A rat (D:2)
82 creatures vanquished.

Notes
Turn   | Place    | Note
-------+----------+-------------------------------------------
     0 | D:1      | ryw the Demigod Shapeshifter began the quest for the Orb.
     0 | D:1      | Reached XP level 1. HP: 15/15 MP: 3/3
    44 | D:1      | Reached skill level 1 in Fighting
   119 | D:1      | Reached XP level 2. HP: 21/23 MP: 4/4
   470 | D:1      | Reached XP level 3. HP: 28/28 MP: 5/5
   995 | D:2      | Reached skill level 1 in Armour
  1217 | D:2      | Reached XP level 4. HP: 33/36 MP: 6/6
  2733 | D:4      | Noticed a phantom
  2745 | D:4      | Killed a phantom
  2746 | D:4      | Reached skill level 1 in Long Blades
  2746 | D:4      | Reached skill level 1 in Throwing
  2746 | D:4      | Reached XP level 5. HP: 22/41 MP: 7/7
  2992 | D:4      | Noticed an ogre
  3029 | D:4      | HP: 2/41 [something/puff of flame (8)]
  3029 | D:4      | Killed from afar by an orc wizard

Illustrated notes

Levels and vault maps discovered:
D:1:      elethiomel_arrival_quiet, layout_basic, minmay_3d_cube
D:2:      layout_loops_ring, minivault_25
D:3:      kb_forest_paths, layout_basic, nicolae_ashenzari_panopticon
D:4:      layout_basic, saegor_snake_ambush

Skill      XL: |  1  2  3  4  5 |
---------------+----------------+-----
Fighting       | 1 2 |  2.0
Dodging        | 2 |  2.0
Unarmed Combat | 3 |  3.6
Shapeshifting  | 3 |  3.4
Armour         | 1 2 |  2.1
Long Blades    | 1 |  1.6
Throwing       | 1 |  1.7

Action                     |  1- 3 |  4- 6 || total
---------------------------+-------+-------++-------
  Melee: Unarmed           |   101 |       ||   101
         Punch             |     2 |     1 ||     3
         Mace              |    13 |       ||    13
         Demon blade       |     5 |   108 ||   113
  Throw: Boomerang         |     3 |       ||     3
    Use: Scroll            |       |     6 ||     6
         Potion            |       |     1 ||     1
   Stab: Sleeping          |     3 |     1 ||     4
 Armour: Animal skin       |    27 |    17 ||    44
  Dodge: Dodged            |    63 |    52 ||   115

Table legend: (Time is in decaauts)
 A = Elapsed time spent in this place.
 B = Non-inter-level travel time spent in this place.
 C = Inter-level travel time spent in this place.
 D = Time resting spent in this place.
 E = Time spent auto-exploring this place.
 F = Levels seen in this place.
 G = Mean time per level.
                   A        B        C        D        E       F      G
               +--------+--------+--------+--------+--------+-----+--------+
         Total |   3054 |   2842 |    212 |    296 |   1990 |   4 |  763.5 |
       Dungeon |   3054 |   2842 |    212 |    296 |   1990 |   4 |  763.5 |
               +--------+--------+--------+--------+--------+-----+--------+

Top non-repeatable levels by time:
     D:3: 1143 daAuts
     D:2: 938 daAuts
     D:1: 639 daAuts
     D:4: 332 daAuts
